 Dungeon Crawl Stone Soup version 0.24.1-8-ga250c9d538 (webtiles) character file.

Game seed: 8898596149424311419, levelgen mode: deterministic

1252 Hugehornet the Changer (level 8, -3/48 HPs)
             Began as an Octopode Transmuter on May 7, 2020.
             Was an Initiate of Cheibriados.
             Slain by a troll (10 damage)
             ... on level 6 of the Dungeon.
             The game lasted 00:14:51 (6490 turns).

Hugehornet the Changer (Octopode Transmuter)        Turns: 6490, Time: 00:14:52

Health: -3/48      AC:  6    Str: 10    XL:     8   Next: 51%
Magic:  20/23      EV: 13    Int: 19    God:    Cheibriados [......]
Gold:   243        SH:  0    Dex: 13    Spells: 5/15 levels left

rFire    . . .     SeeInvis .     - Unarmed
rCold    . . .     Gourm    .   (no shield)
rNeg     . . .     Faith    .   (helmet restricted)
rPois    +         Spirit   .   (no amulet)
rElec    .         Reflect  .   j - +3 ring of protection
rCorr    .         Harm     .   v - ring of magical power
MR       .....     Clarity  +   x - ring of poison resistance
Stlth    +++.......             (no ring)
HPRegen  0.16/turn              (no ring)
MPRegen  0.18/turn              (no ring)
                                (no ring)
                                (no ring)

@: about to teleport, very slow
A: almost no armour, stealthy swim, amphibious, 8 rings, constrict 8, slimy
green scales 1, camouflage 1, clarity, gelatinous body 1
a: Bend Time, Renounce Religion


You were on level 6 of the Dungeon.
You worshipped Cheibriados.
Cheibriados was noncommittal.
You were hungry.

You visited 2 branches of the dungeon, and saw 7 of its levels.

You collected 243 gold pieces.

Inventory:

Missiles
 a - 24 arrows
Jewellery
 j - a +3 ring of protection (left tentacle)
 v - a ring of magical power (right tentacle)
 x - a ring of poison resistance (on tentacle)
Wands
 p - a wand of digging (11)
 q - a wand of flame (16)
Scrolls
 b - a scroll of teleportation
 f - a scroll of blinking {unknown}
 g - a scroll of remove curse {unknown}
 h - 4 scrolls of magic mapping
 l - a scroll of fog {unknown}
 m - a scroll of enchant armour {unknown}
 o - 3 scrolls of immolation {unknown}
 s - 2 scrolls of amnesia {unknown}
 t - a scroll of enchant weapon {unknown}
Potions
 e - a potion of might
 i - a potion of brilliance
 k - 2 potions of curing
 n - 3 potions of lignification
 r - a potion of flight
 u - a potion of berserk rage {unknown}
Comestibles
 c - 11 rations


   Skills:
 - Level 1.0 Fighting
 - Level 2.0 Dodging
 - Level 5.5 Unarmed Combat
 + Level 4.2 Spellcasting
 - Level 6.0 Transmutations
 * Level 4.1 Ice Magic
 - Level 3.0 Poison Magic


You had 5 spell levels left.
You knew the following spells:

 Your Spells              Type           Power        Failure   Level  Hunger
a - Beastly Appendage     Tmut           ####..       1%          1    None
b - Sticks to Snakes      Tmut           ####....     1%          2    #......
c - Spider Form           Tmut/Pois      ###.......   6%          3    ###....
d - Ice Form              Ice/Tmut       ###.....     16%         4    ####...

Your spell library contained the following spells:

 Spells                   Type           Power        Failure   Level  Hunger
 Blade Hands              Tmut           ####......   30%         5    ######.


Dungeon Overview and Level Annotations

Branches:
Dungeon (6/15)             Temple (1/1) D:6

Altars:
Ashenzari
Cheibriados
Dithmenos
Elyvilon
Fedhas
Hepliaklqana
Kikubaaqudgha
Makhleb
Nemelex Xobeh
Okawaru
Qazlal
Sif Muna
Trog
Vehumet
Wu Jian
Xom
Yredelemnul
Zin
The Shining One


Innate Abilities, Weirdness & Mutations

You cannot wear most types of armour.
You are very stealthy in the water. (Stealth+)
You are amphibious.
You can wear up to eight rings at the same time.
You can use your tentacles to constrict eight enemies at once.
Your skin changes colour to match your surroundings (Stealth+).
Your rubbery body absorbs attacks. (AC +1, EV +1)
You are partially covered in slimy green scales. (AC +2)
You possess an exceptional clarity of mind.


Message History

Your ball python bites the troll but does no damage.
Your adder bites the troll.
Your ball python bites the troll but does no damage.
Your ball python closely misses the troll.
Your adder closely misses the troll.
The troll bites you. The troll completely misses you.
The troll barely misses you.
Your adder bites the troll.
The troll is poisoned.
Your adder poisons the troll!
Your ball python closely misses the troll.
The orc hits you but does no damage. The orc hits you with a +0 falchion!
* * * LOW HITPOINT WARNING * * *
The orc barely misses you.
Your ball python bites the orc.
Your ball python grabs the orc.
Your ball python constricts the orc.
Found an escape hatch in the floor.
As you read the scroll of teleportation, it crumbles to dust.
You feel strangely unstable. The orc hits you with a +0 falchion.
* * * LOW HITPOINT WARNING * * *
The troll closely misses you. The troll misses you. The troll claws you!
You die...

##T##.##.#≈≈≈≈≈≈≈≈≈#.#
#(##.#..#≈#.....#≈#.###
###.##.#...≈.......≈...<#
#..........≈.......≈....#
#.......#..≈...>).)(..#.#
#..........≈.......≈..#.#
...........≈......S≈....#
.....)).#.#≈#...oo#≈#..##
....)...#.#≈≈≈≈≈@TS≈#.##
........#.###....S###.#
).#...>...............#
..#......(...........##
###............#####.#
...####........ .# ...#
.......> # ...# #.......
...#


You could see a troll, 2 orcs, a friendly adder and 2 friendly ball pythons.

Vanquished Creatures
  Sigmund (D:6)
  Menkaure (D:6)
  An orc warrior (D:6)
  An ogre (D:6)
  2 scorpions
  2 hounds
  An orc priest (D:5)
  An orc wizard (D:5)
  A centaur zombie (D:5)
  Crazy Yiuf (D:2)
  A gnoll shaman (D:6)
  3 worker ants
  Natasha (thrice) (D:2)
  A hound zombie (D:5)
  9 gnolls
  6 adders
  A shadow imp (D:4)
  3 dart slugs
  6 leopard geckos
  11 orcs
  A ball python (D:5)
  5 giant cockroaches
  8 goblins
  9 hobgoblins
  10 jackals
  3 quokkas
  12 bats
  6 frilled lizards
  9 kobolds
  10 rats
  A fungus (D:2)
130 creatures vanquished.

Vanquished Creatures (collateral kills)
  A phantom (D:6)
  An iguana (D:6)
  3 gnolls (D:6)
5 creatures vanquished.

Vanquished Creatures (others)
  An orc wizard (D:5)
1 creature vanquished.

Grand Total: 136 creatures vanquished

Notes
Turn   | Place    | Note
-------+----------+-------------------------------------------
     0 | D:1      | Hugehornet the Octopode Transmuter began the quest for the
                  | Orb.
     0 | D:1      | Reached XP level 1. HP: 13/13 MP: 3/3
    78 | D:1      | Reached XP level 2. HP: 16/18 MP: 3/5
    82 | D:1      | Learned a level 2 spell: Sticks to Snakes
   230 | D:1      | Reached skill level 3 in Transmutations
   414 | D:1      | Reached XP level 3. HP: 22/23 MP: 4/6
   419 | D:1      | Learned a level 3 spell: Spider Form
   818 | D:2      | Reached skill level 1 in Poison Magic
   818 | D:2      | Reached XP level 4. HP: 26/28 MP: 5/7
   842 | D:2      | Noticed Natasha
   851 | D:2      | Killed Natasha
  1151 | D:2      | Noticed Natasha
  1160 | D:2      | Killed Natasha
  1160 | D:2      | Reached XP level 5. HP: 33/33 MP: 1/8
  1241 | D:2      | Noticed Natasha
  1251 | D:2      | Killed Natasha
  1571 | D:2      | Found a runed translucent door.
  1572 | D:2      | Noticed Crazy Yiuf
  1581 | D:2      | Killed Crazy Yiuf
  1714 | D:3      | Gained mutation: You are dopey. (Int -2) [potion of
                  | mutation]
  1714 | D:3      | Gained mutation: Scrolls take you a little longer to read.
                  | [potion of mutation]
  1714 | D:3      | Gained mutation: Potions are less effective at restoring
                  | your health. [potion of mutation]
  1714 | D:3      | Gained mutation: You are resistant to electric shocks.
                  | (rElec) [potion of mutation]
  1826 | D:3      | Reached XP level 6. HP: 27/38 MP: 5/9
  1839 | D:3      | Reached skill level 5 in Unarmed Combat
  2320 | D:3      | Found a shimmering altar of Xom.
  2322 | D:3      | Found a shimmering altar of Xom.
  2322 | D:3      | Found a shimmering altar of Xom.
  2323 | D:3      | Found a shimmering altar of Xom.
  2326 | D:3      | Found a shimmering altar of Xom.
  2326 | D:3      | Found a shimmering altar of Xom.
  2331 | D:3      | Found a shimmering altar of Xom.
  2353 | D:3      | Reached skill level 4 in Transmutations
  2357 | D:3      | Found a shattered altar of Ashenzari.
  3465 | D:4      | Found a sparkling altar of Nemelex Xobeh.
  3473 | D:4      | Found a stormy altar of Qazlal.
  3633 | D:5      | Entered Level 5 of the Dungeon
  3711 | D:5      | Found an iron altar of Okawaru.
  3714 | D:5      | Reached XP level 7. HP: 36/43 MP: 6/11
  4189 | D:5      | Learned a level 4 spell: Ice Form
  4524 | D:5      | Reached skill level 5 in Transmutations
  4524 | D:5      | Reached skill level 1 in Ice Magic
  4786 | D:6      | Noticed Menkaure
  5057 | D:6      | Killed Menkaure
  5566 | D:6      | Found a staircase to the Ecumenical Temple.
  5609 | Temple   | Entered the Ecumenical Temple
  6050 | Temple   | Became a worshipper of Cheibriados the Contemplative
  6051 | Temple   | Lost mutation: You are resistant to electric shocks.
                  | (rElec) [potion of mutation]
  6051 | Temple   | Lost mutation: You are dopey. (Int -2) [potion of mutation]
  6051 | Temple   | Lost mutation: Scrolls take you a little longer to read.
                  | [potion of mutation]
  6051 | Temple   | Lost mutation: Potions are less effective at restoring your
                  | health. [potion of mutation]
  6051 | Temple   | Gained mutation: Your muscles are strong. (Str +2) [potion
                  | of mutation]
  6051 | Temple   | Gained mutation: You are partially covered in slimy green
                  | scales. (AC +2) [potion of mutation]
  6051 | Temple   | Lost mutation: Your muscles are strong. (Str +2) [potion of
                  | mutation]
  6051 | Temple   | Gained mutation: You possess an exceptional clarity of
                  | mind. [potion of mutation]
  6120 | D:6      | Reached XP level 8. HP: 33/48 MP: 11/13
  6222 | D:6      | Noticed Sigmund
  6222 | D:6      | Noticed a troll
  6233 | D:6      | Killed Sigmund
  6233 | D:6      | Reached skill level 6 in Transmutations
  6266 | D:6      | HP: 1/48 [troll (12)]
  6490 | D:6      | Slain by a troll

Levels and vault maps discovered:
D:1:      lemuel_arrival_room, layout_basic
D:2:      layout_basic, uniq_crazy_yiuf_cottage, uniq_natasha
D:3:      layout_basic, nicolae_xom_altar_mimics, marbit_many_paths
D:4:      layout_cave_pools, amethyst_overflow_temple_binary
D:5:      layout_basic, okawaru_trees_2, first_ration
D:6:      layout_basic, nicolae_gozag_seed_capital,
          minmay_temple_entry_water_ring, serial_shops, shop,
          chequers_arboretum, uniq_menkaure, uniq_sigmund
Temple:   minmay_temple_curvy_branch

Skill      XL: |  1  2  3  4  5  6  7  8 |
---------------+-------------------------+-----
Transmutations | 3 4 5 6 |  6.0
Poison Magic   | 1 2 3 |  3.0
Unarmed Combat | 4 5 |  5.5
Spellcasting   | 3 4 |  4.2
Ice Magic      | 2 4 |  4.1
Fighting       | |  1.0
Dodging        | |  2.0

Action                   |  1- 3 |  4- 6 |  7- 9 || total
-------------------------+-------+-------+-------++-------
Melee: Unarmed           |    70 |   162 |   121 ||   353
       Kick              |    22 |    20 |    17 ||    59
       Constrict         |    18 |    24 |    11 ||    53
       Tentacles         |    16 |    19 |    16 ||    51
       Punch             |     1 |     3 |     1 ||     5
 Cast: Beastly Appendage |    21 |    30 |    14 ||    65
       Spider Form       |       |     7 |     6 ||    13
       Sticks to Snakes  |       |       |    35 ||    35
Invok: Bend Time         |       |       |     2 ||     2
 Abil: End Transformatio |       |       |     1 ||     1
  Use: Scroll            |       |    10 |     3 ||    13
       Potion            |       |     1 |     3 ||     4
 Stab: Sleeping          |     4 |     7 |     2 ||    13
  Eat: Chunk             |       |    10 |     8 ||    18
       Ration            |       |       |     1 ||     1
Armor: Skin              |     6 |    29 |    13 ||    48
Dodge: Dodged            |    35 |   121 |    94 ||   250
